 Seeded DCSS version 0.30-a0-368-g86fb4627a9 (webtiles) character file.

Game seed: 4866231847754521613 (custom seed)

7280 purpskrrrp the Severer (level 10, -1/141 HPs)
             Began as a Minotaur Monk on Nov 18, 2022.
             Was an Elder of Ru.
             Slain by a vampire (10 damage)
             ... on level 9 of the Dungeon.
             The game lasted 00:14:30 (8790 turns).

purpskrrrp the Severer (Minotaur Monk)              Turns: 8790, Time: 00:14:30

Health: -1/141     AC: 25    Str: 19    XL:     10   Next: 89%
Magic:  9/9        EV:  2    Int: 11    God:    Ru [****..]
Gold:   717        SH:  0    Dex: 12    Spells: 9/9 levels left

rFire   x . .      SeeInvis .    B - +3 battleaxe
rCold   + . .      Faith    .    (shield currently unavailable)
rNeg    . . .      Spirit   .    (body armour currently unavailable)
rPois   +          Reflect  .    (helmet unavailable)
rElec   .          Harm     .    (cloak currently unavailable)
rCorr   .          Rampage  .    (gloves currently unavailable)
Will    .....      NoTele   +    (boots currently unavailable)
Stlth   ..........               (no amulet)
HPRegen 0.43/turn                (no ring)
MPRegen 0.11/turn                j - ring of ice

@: tree-form
A: stationary, stasis, torment immunity, boosted hp, (horns 3), no stealth,
inability to use devices, no poison magic, no summoning magic, no transmutations
magic, (retaliatory headbutt), (iridescent scales 1), (camouflage 1), clever 1
a: Renounce Religion, Draw Out Power, Power Leap


You were on level 9 of the Dungeon.
You worshipped Ru.
Ru was greatly pleased with you.
You were a tree.
You visited 1 branch of the dungeon, and saw 10 of its levels.

You collected 717 gold pieces.

Inventory:

Hand Weapons
 a - a +0 hand axe of venom
 k - a +0 executioner's axe of electrocution
 B - a +3 battleaxe (weapon)
Armour
 b - a +1 robe
 h - the +0 pair of gloves "Sitoceitij" (melded) {Dex+4}
   (You acquired it on level 2 of the Dungeon)

   Dex:       It affects your dexterity (+4).
 q - a +3 chain mail (melded)
 s - a +0 pair of boots (melded)
Jewellery
 f - a ring of wizardry
 j - a ring of ice (right branch)
 m - a ring of see invisible
 v - a +6 ring of intelligence
 y - a ring of poison resistance
 A - a +4 ring of protection
 F - an amulet of regeneration
Wands
 r - a wand of flame (39)
Scrolls
 g - 5 scrolls of teleportation
 i - 3 scrolls of magic mapping
 o - 5 scrolls of poison
 p - a scroll of noise
 u - 2 scrolls of amnesia
 C - 2 scrolls of silence
 E - 4 scrolls of identify
 H - a scroll of acquirement
Potions
 c - a potion of invisibility {unknown}
 d - a potion of mutation
 e - 5 potions of degeneration
 l - 2 potions of lignification
 n - 5 potions of attraction
 t - 2 potions of flight
 w - a potion of resistance {unknown}
 x - 3 potions of haste {unknown}
 z - 2 potions of berserk rage {unknown}
 D - 2 potions of magic {unknown}
 G - a potion of heal wounds {unknown}


   Skills:
 + Level 10.3 Fighting
 * Level 15.0 Axes
 + Level 9.5 Armour
 - Level 3.2 Dodging


You had 9 spell levels left.
You didn't know any spells.
Your spell library contained the following spells:

 Spells                   Type           Power      Damage    Failure   Level
 Apportation              Tloc           0%         N/A       34%         1
 Ensorcelled Hibernation  Hex/Ice        0%         N/A       47%         2
 Gell's Gravitas          Tloc           0%         N/A       71%         3
 Lesser Beckoning         Tloc           0%         N/A       71%         3
 Portal Projectile        Hex/Tloc       0%         N/A       71%         3
 Swiftness                Air            0%         N/A       71%         3
 Teleport Other           Tloc           0%         N/A       71%         3
 Leda's Liquefaction      Hex/Erth       0%         N/A       98%         4
 Iron Shot                Conj/Erth      0%         9d1       100%        6
 Passwall                 Tmut/Erth      Unusable   N/A       N/A         2
 Call Canine Familiar     Summ           Unusable   N/A       N/A         3
 Animate Armour           Summ/Erth      Unusable   N/A       N/A         4
 Alistair's Intoxication  Tmut/Pois      Unusable   N/A       N/A         5
 Blade Hands              Tmut           Unusable   N/A       N/A         5

Dungeon Overview and Level Annotations

Branches:
Dungeon (10/15)            Temple (0/1) D:7            Lair (0/5) D:9
    Orc: D:9-12

Altars:
Cheibriados
Elyvilon
Gozag
Hepliaklqana
Kikubaaqudgha
Okawaru
Ru
Sif Muna
Yredelemnul
The Shining One

Shops:
D:5 (

Annotations:
D:5 3 runed translucent doors, kiwi3s's ghost, novice MiBe
D:9 exclusion: obsidian statue


Innate Abilities, Weirdness & Mutations

You are a tree.
Your roots penetrate the ground, keeping you stationary.
You cannot be teleported.
You are immune to unholy pain and torment.
Your maximum health is greatly increased.
Your equipment is partially melded.
((You have a pair of large horns on your head.))
You cannot be stealthy.
You cannot study or use magical devices.
You cannot study or cast Poison magic.
You cannot study or cast Summoning magic.
You cannot study or cast Transmutations magic.
((You reflexively headbutt those who attack you in melee.))
((You are partially covered in iridescent scales. (AC +2)))
((Your skin changes colour to match your surroundings (Stealth+).))
Your mind is acute. (Int +4, Str/Dex -1)


Message History

The killer bee stings you but does no damage.
Something hits you but does no damage. Something bites you but does no damage.
The killer bee closely misses you.
You barely miss the killer bee.
The killer bee is heavily wounded.
You closely miss something. The killer bee misses you. Something hits you.
* * * LOW HITPOINT WARNING * * *
Something bites you but does no damage.
The killer bee stings you but does no damage.
You slash the killer bee!
You kill the killer bee!
You miss something.
Really quaff the potion of lignification?
You turn into a tree.
The +0 pair of gloves "Sitoceitij" {Dex+4} melds into your body.
Your +0 pair of boots melds into your body.
Your +3 chain mail melds into your body.
Your roots penetrate the ground.
You barely miss something. Something hits you but does no damage.
Something bites you but does no damage.
You hit something.
You hear some strange, mumbled words.
You are confused.
You closely miss something. Something draws life force from you!!
* * * LOW HITPOINT WARNING * * *
You hit something. Something hits you but does no damage.
Something bites you but does no damage.
You closely miss something. Something hits you but does no damage.
Something bites you but does no damage.
You hit something. Something hits you but does no damage. Something bites you!
* * * LOW HITPOINT WARNING * * *
Something draws strength from your injuries!
You miss something. Something hits you.
* * * LOW HITPOINT WARNING * * *
Something bites you but does no damage.
You hit something. You miss something.
You feel less confused. Something hits you but does no damage.
Something bites you!
You die...

.....# #...........#
#..## .....#
#.[..<))....# #..##
.....#
#...........#########....
###..#
#......).................
#..#
#..<....................#
#..#
#...........##########..#
#..# #...........# #..#
#..# #.....>.{...# #..#
#..# #......†♣...# #..#
#..# #...........# #..#
#..# #...........# #..#
#..# #.........<.# #..#
#..# #...........# #..#
#..# #...........# #..#
#..# #...........### #..#
#..# #.............. #..#
#..# #.............?.
#..#


There were no monsters in sight!

Vanquished Creatures
  2 two-headed ogres
  A deep elf pyromancer (D:8)
  A slime creature (D:8)
  Grinder (D:4)
  2 shadows (D:9)
  A wraith (D:8)
  2 steam dragons
  Duvessa (D:4)
  2 water moccasins
  2 sky beasts (D:7)
  An ice beast (D:5)
  2 orc warriors
  3 centaurs
  4 phantoms
  4 bullfrogs
  5 necrophages
  A gnoll sergeant (D:8)
  13 wights
  Dowan (D:4)
  16 killer bees
  3 howler monkeys
  A jelly (D:4)
  2 orc priests
  3 hounds
  A gnoll bouda (D:9)
  8 orc wizards
  3 iguanas
  Natasha (thrice) (D:4)
  12 gnolls
  8 adders
  3 white imps
  2 ufetubi
  7 dart slugs
  32 orcs
  8 endoplasms
  3 giant cockroaches
  7 goblins
  8 hobgoblins
  4 jackals (D:1)
  8 kobolds
  4 quokkas
  5 ball pythons
  10 bats
  A frilled lizard (D:1)
  7 rats
218 creatures vanquished.

Vanquished Creatures (others)
  A troll (D:8)
  A wyvern (D:7)
  An orc priest (D:9)
  11 plants (D:8)
  2 withered plants (D:3)
16 creatures vanquished.

Grand Total: 234 creatures vanquished

Notes
Turn   | Place    | Note
-------+----------+-------------------------------------------
     0 | D:1      | purpskrrrp the Minotaur Monk began the quest for the Orb.
     0 | D:1      | Reached XP level 1. HP: 19/19 MP: 0/0
    89 | D:1      | Reached skill level 4 in Axes
   111 | D:1      | Reached XP level 2. HP: 24/26 MP: 1/1
   277 | D:1      | Reached skill level 5 in Axes
   369 | D:1      | Reached XP level 3. HP: 24/31 MP: 2/2
   698 | D:1      | Identified a scroll of acquirement
   698 | D:1      | Acquired a +0 executioner's axe of electrocution
   891 | D:2      | Reached skill level 6 in Axes
   891 | D:2      | Reached XP level 4. HP: 39/39 MP: 3/3
   989 | D:2      | Gained mutation: You are covered in fur. (AC +1) [potion of
                  | mutation]
   989 | D:2      | Gained mutation: You have supernaturally acute eyesight.
                  | (SInv) [potion of mutation]
   989 | D:2      | Gained mutation: Your mind is acute. (Int +4, Str/Dex -1)
                  | [potion of mutation]
  1472 | D:2      | Acquired the +0 pair of gloves "Sitoceitij" {Dex+4}
  1582 | D:3      | Found a faded altar of an unknown god.
  1747 | D:3      | Prayed at the altar of an unknown god.
  1747 | D:3      | Became a worshipper of Ru the Awakened
  1763 | D:3      | Gained mutation: You cannot study or cast Poison magic. [Ru
                  | sacrifice]
  1763 | D:3      | Gained mutation: You cannot study or cast Transmutations
                  | magic. [Ru sacrifice]
  1763 | D:3      | Gained mutation: You cannot study or cast Summoning magic.
                  | [Ru sacrifice]
  1763 | D:3      | Reached * piety under Ru
  1952 | D:3      | Found a hazy altar of Hepliaklqana.
  2403 | D:3      | Reached skill level 7 in Axes
  2403 | D:3      | Reached XP level 5. HP: 20/45 MP: 4/4
  2778 | D:4      | Noticed Natasha
  2784 | D:4      | Killed Natasha
  2809 | D:4      | Noticed Natasha
  2815 | D:4      | Killed Natasha
  2816 | D:4      | Reached skill level 1 in Armour
  2967 | D:4      | Noticed Dowan
  2967 | D:4      | Noticed Duvessa
  3027 | D:4      | Killed Duvessa
  3028 | D:4      | Reached XP level 6. HP: 29/52 MP: 5/5
  3031 | D:4      | Killed Dowan
  3032 | D:4      | Reached skill level 8 in Axes
  3140 | D:4      | Noticed Grinder
  3140 | D:4      | Paralysed by Grinder for 5 turns
  3151 | D:4      | Killed Grinder
  3152 | D:4      | Reached XP level 7. HP: 39/60 MP: 6/6
  3267 | D:4      | Reached skill level 5 in Fighting
  3400 | D:4      | Noticed Natasha
  3405 | D:4      | Killed Natasha
  3506 | D:4      | Reached skill level 9 in Axes
  3643 | D:4      | Found a sacrificial altar of Ru.
  3643 | D:4      | Found an ancient bone altar of Kikubaaqudgha.
  3718 | D:4      | Lost mutation: You are covered in fur. (AC +1) [potion of
                  | mutation]
  3718 | D:4      | Lost mutation: You have supernaturally acute eyesight.
                  | (SInv) [potion of mutation]
  3718 | D:4      | Gained mutation: Your skin changes colour to match your
                  | surroundings (Stealth+). [potion of mutation]
  3718 | D:4      | Gained mutation: You are partially covered in iridescent
                  | scales. (AC +2) [potion of mutation]
  3718 | D:4      | Gained mutation: You have a pair of large horns on your
                  | head. [potion of mutation]
  3740 | D:5      | Entered Level 5 of the Dungeon
  3740 | D:5      | Found a snail-covered altar of Cheibriados.
  3764 | D:5      | Found an opulent altar of Gozag.
  3913 | D:5      | Reached XP level 8. HP: 70/70 MP: 7/7
  3988 | D:5      | Found Ivag's Antique Weapon Emporium.
  4011 | D:5      | Gained mutation: You cannot be stealthy. [Ru sacrifice]
  4011 | D:5      | Reached ** piety under Ru
  4040 | D:5      | Reached skill level 10 in Axes
  4139 | D:5      | Found a runed translucent gate.
  4139 | D:5      | Found a runed translucent gate.
  4139 | D:5      | Found a runed translucent gate.
  4140 | D:5      | Noticed kiwi3s's ghost (novice MiBe)
  4162 | D:5      | Found an iron altar of Okawaru.
  4425 | D:6      | Identified the +1 chain mail of the Shore {rPois Str+3
                  | Int+3 Dex-5}
  4492 | D:6      | Reached skill level 5 in Armour
  4777 | D:6      | Reached skill level 11 in Axes
  5102 | D:6      | Found a shimmering blue altar of Sif Muna.
  5108 | D:6      | Found a basalt altar of Yredelemnul.
  5654 | D:7      | Reached XP level 9. HP: 53/79 MP: 8/8
  5811 | D:7      | Found a staircase to the Ecumenical Temple.
  5816 | D:7      | HP: 3/79 [steam dragon/ball of steam (28)]
  5823 | D:7      | HP: 2/79 [steam dragon/ball of steam (12)]
  6152 | D:7      | Reached skill level 12 in Axes
  6199 | D:7      | Found a white marble altar of Elyvilon.
  6923 | D:8      | Gained mutation: You cannot study or use magical devices.
                  | [Ru sacrifice]
  6923 | D:8      | Reached *** piety under Ru
  6923 | D:8      | Reached **** piety under Ru
  7104 | D:8      | Reached skill level 13 in Axes
  7247 | D:8      | Noticed a two-headed ogre
  7254 | D:8      | Killed a two-headed ogre
  7255 | D:8      | Reached XP level 10. HP: 43/91 MP: 9/9
  7479 | D:8      | Noticed a deep elf pyromancer
  7492 | D:8      | Killed a deep elf pyromancer
  7493 | D:8      | Reached skill level 14 in Axes
  7926 | D:9      | Found a staircase to the Lair.
  8045 | D:9      | Found a glowing golden altar of the Shining One.
  8080 | D:9      | Noticed an obsidian statue
  8372 | D:9      | Noticed a two-headed ogre
  8380 | D:9      | Killed a two-headed ogre
  8381 | D:9      | Reached skill level 10 in Fighting
  8762 | D:10     | Entered Level 10 of the Dungeon
  8765 | D:10     | Reached skill level 15 in Axes
  8790 | D:9      | Slain by a vampire

Illustrated notes

Levels and vault maps discovered:
D:1:      dpeg_arrival_arbitrary_c, layout_basic
D:2:      layout_loops_ring, kennysheep_minor_cross
D:3:      minmay_chambers_of_twos, layout_loops_ring, overflow_temple_1_default,
          ebering_ecumenical_altar_petrified
D:4:      layout_loops_cross, gammafunk_temple_overflow_elements, dk_vineyard_3,
          uniq_grinder, uniq_natasha, uniq_duvessa
D:5:      layout_rooms, cheibriados_altar_1, mainiacjoe_overflow_chevrons,
          okawaru_metal_pillars_3, serial_shops, shop_statue,
          ebering_ghost_rock_garden
D:6:      layout_loops_corners, amethyst_overflow_temple_binary,
          kennysheep_windowed_goal
D:7:      layout_basic, old_standard_altar, minmay_temple_entry_mini_moons
D:8:      layout_rooms, glass_columns_a, minmay_shattered_shrine
D:9:      layout_long_grid, tso_altar, dpeg_oklobed_lair, serial_bayou_pond_e,
          minivault_16
D:10:     wad_woods_minihive, layout_loops_corners,
          nicolae_qazlal_eye_of_the_storm, uniq_maurice

Skill      XL: |  1  2  3  4  5  6  7  8  9 10 |
---------------+-------------------------------+-----
Axes           | 4 5 6 7 8 9 11 13 15 | 15.0
Armour         | 1 3 4 6 8 9 |  9.5
Fighting       | 4 5 7 9 10 | 10.3
Stealth        | 0 |  0.0
Dodging        | |  3.2

Action                   |  1- 3 |  4- 6 |  7- 9 | 10-12 || total
-------------------------+-------+-------+-------+-------++-------
Melee: Hand axe          |    58 |       |       |       ||    58
       Headbutt          |    10 |    13 |    28 |    18 ||    69
       Punch             |     1 |       |       |       ||     1
       Executioner's axe |     4 |    72 |   200 |       ||   276
       Battleaxe         |       |       |    35 |    99 ||   134
Invok: Sacrifice Arcana  |       |     1 |       |       ||     1
       Sacrifice Stealth |       |       |     1 |       ||     1
       Sacrifice Artific |       |       |     1 |       ||     1
  Use: Scroll            |     1 |    12 |     8 |       ||    21
       Potion            |       |     3 |     3 |     2 ||     8
 Stab: Sleeping          |     4 |     3 |       |       ||     7
Armor: Robe              |    14 |    17 |       |       ||    31
       Chain mail        |       |    12 |   214 |    70 ||   296
       Skin              |       |       |       |     9 ||     9
Dodge: Dodged            |    51 |    49 |   121 |    44 ||   265

Table legend: (Time is in decaauts)
 A = Elapsed time spent in this place.
 B = Non-inter-level travel time spent in this place.
 C = Inter-level travel time spent in this place.
 D = Time resting spent in this place.
 E = Time spent auto-exploring this place.
 F = Levels seen in this place.
 G = Mean time per level.
                   A        B        C        D        E       F      G
               +--------+--------+--------+--------+--------+-----+--------+
         Total |   8918 |   8486 |    432 |    629 |   6532 |  10 |  891.8 |
       Dungeon |   8918 |   8486 |    432 |    629 |   6532 |  10 |  891.8 |
               +--------+--------+--------+--------+--------+-----+--------+

Top non-repeatable levels by time:
     D:7: 1342 daAuts
     D:6: 1281 daAuts
     D:3: 1179 daAuts
     D:4: 994 daAuts
     D:8: 972 daAuts
     D:9: 948 daAuts
     D:2: 859 daAuts
     D:1: 770 daAuts
     D:5: 560 daAuts
    D:10: 9 daAuts
